 Dungeon Crawl Stone Soup version 0.28.0-53-g5a82cb258f (webtiles) character file.

Game seed: 67289491729644005

1383 cbfl8 the Chopper (level 8, -2/71 HPs)
             Began as a Minotaur Berserker on July 25, 2022.
             Was a Priest of Trog.
             Killed by divine providence
             ... invoked by an orc priest
              (14 damage)
             ... on level 6 of the Dungeon.
             The game lasted 00:07:39 (5591 turns).

cbfl8 the Chopper (Minotaur Berserker)              Turns: 5591, Time: 00:07:40

Health: -2/71      AC: 17    Str: 31    XL:     8   Next: 40%
Magic:  0/7        EV: 10    Int:  4    God:    Trog [***...]
Gold:   377        SH:  3    Dex: 11    Spells: 7/7 levels left

rFire   . . .      SeeInvis .   a - +0 hand axe
rCold   + . .      Faith    .   C - +0 buckler {rC+}
rNeg    . . .      Spirit   +   r - +5 chain mail of Masif {+Blink Str+2}
rPois   .          Reflect  .   (helmet restricted)
rElec   .          Harm     +   l - +0 cloak
rCorr   +          Rampage  +   m - +0 pair of gloves "Timitsu" {Harm Rampage rCorr Str+6 Stlth-}
Will    ++...                   (no boots)
Stlth   ..........              x - amulet of guardian spirit
HPRegen 1.21/turn               (no ring)
MPRegen 0.10/turn               (no ring)

@: strong-willed, on berserk cooldown, regenerating, slowed, very slow
A: horns 2, retaliatory headbutt
a: Renounce Religion, Evoke Blink, Berserk, Trog's Hand


You were on level 6 of the Dungeon.
You worshipped Trog.
Trog was most pleased with you.
You visited 1 branch of the dungeon, and saw 6 of its levels.
You also visited: Sewer.

You collected 377 gold pieces.

Inventory:

Hand Weapons
 a - a +0 hand axe (weapon)
 k - a +4 quarterstaff of chaos
Missiles
 v - a throwing net
Armour
 b - a +0 animal skin
 f - a +0 ring mail
 l - a +0 cloak (worn)
 m - the +0 pair of gloves "Timitsu" (worn) {Harm Rampage rCorr Str+6 Stlth-}
   (You found it on level 3 of the Dungeon)

   Str:       It affects your strength (+6).
   rCorr:     It protects you from acid and corrosion.
   Harm:      It increases damage dealt and taken.
   Rampage:   It bestows one free step when moving towards enemies.
   Stlth:     It makes you less stealthy.
 r - the +5 chain mail of Masif (worn) {+Blink Str+2}
   (You found it on level 3 of the Dungeon)

   Str:       It affects your strength (+2).
   +Blink:    It lets you blink.
 C - a +0 buckler of cold resistance (worn)
Jewellery
 x - an amulet of guardian spirit (around neck)
 A - an amulet of faith
Wands
 w - a wand of flame (16) (quivered)
Scrolls
 c - 4 scrolls of teleportation {unknown}
 g - a scroll of immolation {unknown}
 j - 4 scrolls of enchant weapon {unknown}
 n - a scroll of vulnerability {unknown}
 o - 2 scrolls of identify {unknown}
 s - a scroll of brand weapon {unknown}
 t - a scroll of summoning {unknown}
 y - a scroll of blinking {unknown}
 z - a scroll of magic mapping {unknown}
Potions
 d - 2 potions of mutation {unknown}
 e - 2 potions of brilliance {unknown}
 h - 2 potions of degeneration {unknown}
 i - 2 potions of curing {unknown}
 p - 2 potions of heal wounds {unknown}
 q - a potion of haste
 u - a potion of cancellation {unknown}
 B - a potion of might


   Skills:
 * Level 6.7 Fighting
 + Level 7.4 Axes
 + Level 5.8 Armour
 * Level 4.6 Dodging
 * Level 2.7 Stealth
 * Level 2.4 Evocations


You had 7 spell levels left.
You didn't know any spells.
Your spell library was empty.

Dungeon Overview and Level Annotations

Branches:
Dungeon (6/15)             Temple (0/1) D:4           Sewer (visited)

Altars:
Kikubaaqudgha
Qazlal
Ru
Trog
Vehumet

Annotations:
D:3 2 transporters


Innate Abilities, Weirdness & Mutations

You have a pair of horns on your head.
You reflexively headbutt those who attack you in melee.


Message History

You kill the orc warrior!
Trog accepts your kill.
You barely miss the orc wizard.
The orc wizard is heavily wounded.
The orc wizard hits you with a +0 dagger.
* * * LOW HITPOINT WARNING * * *
Okay, then.
You barely miss the orc wizard. You headbutt the orc wizard!
You kill the orc wizard!
Trog accepts your kill.
Trog appreciates your killing of a magic user.
You are too berserk!
You feel a strong urge to attack something.
You are no longer berserk.
You are exhausted.
You feel yourself slow down.
You blink.
Okay, then.
Okay, then.
Aiming: Throw Flame
Press: ? - help, Q - select action, (/) - cycle Shift-Dir - straight line, f - orc priest
Aim: an orc priest, wielding a +0 club and wearing a +0 scale mail (75% to hit)
The puff of flame hits the orc!
You kill the orc!
Trog accepts your kill.
The orc priest looks satisfied for a moment.
Aiming: Throw Flame
Press: ? - help, Q - select action, (/) - cycle Shift-Dir - straight line, f/p - orc priest
Aim: an orc priest, wielding a +0 club and wearing a +0 scale mail (75% to hit)
The puff of flame hits the orc priest.
The orc priest is lightly wounded.
Unknown command.
Your skin crawls.
You feel strong-willed.
You feel stable enough to blink again.
The orc priest looks encouraged for a moment.
Okay, then.
You fail to use your ability.
The orc priest mumbles some strange prayers to Beogh against you.
Beogh smites you!
You die...

..########.###.##..######.#
.## #.##..........(... ##
#.........#####.>.
####.....## ##.#..####
#)......# ###.###.#
#######.###.# .....[o@....#
#######o####### #)#####.#.#
# #...o.o...# . #######.#.#
# .# o# o# o#


You could see 2 orc priests.

Vanquished Creatures
  Pikel (D:5)
  Sigmund (D:5)
  A water moccasin (Sewer)
  An orc warrior (D:6)
  A black bear (D:6)
  A phantom (D:5)
  3 hounds
  A centaur skeleton (D:5)
  Crazy Yiuf (D:2)
  An iguana (D:5)
  Natasha (twice) (D:2)
  An orc wizard (D:6)
  A hound skeleton (D:4)
  5 adders
  An adder skeleton (D:4)
  6 orcs
  10 bats
  6 endoplasms
  7 giant cockroaches
  4 hobgoblins
  4 jackals (D:4)
  11 kobolds
  10 quokkas
  5 ball pythons
  5 frilled lizards
  7 goblins
  3 rats
100 creatures vanquished.

Vanquished Creatures (others)
  A bullfrog skeleton (D:5)
1 creature vanquished.

Grand Total: 101 creatures vanquished

Notes
Turn   | Place    | Note
-------+----------+-------------------------------------------
     0 | D:1      | cbfl8 the Minotaur Berserker began the quest for the Orb.
     0 | D:1      | Reached XP level 1. HP: 19/19 MP: 0/0
   170 | D:1      | Reached XP level 2. HP: 27/27 MP: 1/1
   305 | D:1      | Found a faded altar of an unknown god.
   706 | D:2      | Found a stormy altar of Qazlal.
   728 | D:2      | Reached skill level 4 in Axes
   728 | D:2      | Reached XP level 3. HP: 25/34 MP: 2/2
   950 | D:2      | Reached ** piety under Trog
  1172 | D:2      | Noticed Natasha
  1183 | D:2      | Killed Natasha
  1362 | D:2      | Found a runed translucent door.
  1363 | D:2      | Noticed Crazy Yiuf
  1532 | D:2      | Killed Crazy Yiuf
  1533 | D:2      | Reached XP level 4. HP: 36/41 MP: 0/3
  1952 | D:2      | Noticed Natasha
  1970 | D:2      | Killed Natasha
  1971 | D:2      | Reached skill level 5 in Fighting
  2032 | D:3      | Found a transporter.
  2093 | D:3      | Reached XP level 5. HP: 48/48 MP: 4/4
  2130 | D:3      | Identified the +0 pair of gloves "Timitsu" {Harm Rampage
                  | rCorr Str+6 Stlth-}
  2145 | D:3      | Found a transporter.
  2179 | D:3      | Reached skill level 5 in Axes
  2554 | D:3      | Found a glowing drain.
  2564 | Sewer    | Entered a sewer
  2600 | Sewer    | Noticed a water moccasin
  2610 | Sewer    | Killed a water moccasin
  2611 | Sewer    | Reached XP level 6. HP: 39/56 MP: 5/5
  3254 | D:3      | Found a sacrificial altar of Ru.
  3371 | D:3      | Identified the +5 chain mail of Masif {+Blink Str+2}
  3849 | D:4      | Reached *** piety under Trog
  3980 | D:4      | Found a staircase to the Ecumenical Temple.
  4198 | D:5      | Entered Level 5 of the Dungeon
  4218 | D:5      | Noticed Sigmund
  4236 | D:5      | Killed Sigmund
  4237 | D:5      | Reached skill level 6 in Axes
  4237 | D:5      | Reached skill level 1 in Stealth
  4476 | D:5      | Reached skill level 1 in Evocations
  4476 | D:5      | Reached XP level 7. HP: 60/62 MP: 6/6
  4606 | D:5      | Found a radiant altar of Vehumet.
  4742 | D:5      | Found an ancient bone altar of Kikubaaqudgha.
  5025 | D:5      | Found a bloodstained altar of Trog.
  5153 | D:5      | Noticed Pikel
  5171 | D:5      | Killed Pikel
  5172 | D:5      | Reached skill level 7 in Axes
  5172 | D:5      | Reached skill level 5 in Armour
  5172 | D:5      | Reached XP level 8. HP: 71/71 MP: 4/7
  5591 | D:6      | Killed from afar by an orc priest

Illustrated notes

Levels and vault maps discovered:
D:1:      moated_graveyard_arrival, layout_rooms,
          shapermc_ecumenical_altar_starsandcircs,
          nicolae_concentric_dashed_squares_wild
D:2:      layout_basic, basic_altar, uniq_natasha, uniq_crazy_yiuf_cottage
D:3:      gammafunk_steamed_eel, layout_basic, nicolae_ru_the_path_less_chosen,
          gup_sewer_entry_pipe
D:4:      layout_loops_ring, minmay_temple_entry_tees
D:5:      layout_loops_ring, trog_hazing_becter, kennysheep_mini_moat,
          fiery_altar_vehumet, uniq_sigmund, uniq_pikel
D:6:      layout_loops_ring, mainiacjoe_overflow_alcove_2,
          mainiacjoe_overflow_paths

Skill      XL: |  1  2  3  4  5  6  7 |
---------------+----------------------+-----
Fighting       | 4 5 6 |  6.7
Axes           | 4 5 6 7 |  7.4
Armour         | 3 4 5 |  5.8
Dodging        | 3 4 |  4.6
Stealth        | 1 2 |  2.7
Evocations     | 1 2 |  2.4

Action                   |  1- 3 |  4- 6 |  7- 9 || total
-------------------------+-------+-------+-------++-------
Melee: Hand axe          |    59 |   104 |    78 ||   241
       Headbutt          |    10 |    14 |    14 ||    38
       Punch             |       |     1 |       ||     1
Invok: Berserk           |     2 |     2 |     2 ||     6
       Trog's Hand       |       |       |     1 ||     1
 Abil: Evoke Blink       |       |       |     1 ||     1
Evoke: Wand              |       |       |     2 ||     2
 Stab: Sleeping          |     2 |       |       ||     2
Armor: Animal skin       |     5 |       |       ||     5
       Ring mail         |     6 |    21 |       ||    27
       Skin              |     7 |    10 |       ||    17
       Chain mail        |       |    18 |    44 ||    62
Dodge: Dodged            |    29 |    60 |    43 ||   132
Block: Buckler           |       |       |     1 ||     1
